 Dungeon Crawl Stone Soup version 0.31.0-11-ge490571c62 (webtiles) character file.

Game seed: 7076290149847100355

19 Esekla the Twirler (level 2, 0/17 HPs)
             Began as an Octopode Wanderer on Jan 29, 2024.
             Slain by an adder (2 damage)
             ... on level 2 of the Dungeon.
             The game lasted 00:03:25 (783 turns).

Esekla the Twirler (Octopode Wanderer)               Turns: 783, Time: 00:03:25

Health: 0/17       AC:  1    Str:  9    XL:     2   Next: 75%
Magic:  4/4        EV: 12    Int: 12    God:
Gold:   76         SH:  0    Dex: 15    Spells: 0/3 levels left

rFire   . . .        d - +0 dagger
rCold   . . .        (no shield)
rNeg    . . .        b - +0 hat
rPois   .            (no amulet)
rElec   .            (no ring)
rCorr   .            (no ring)
SInv    .            (no ring)
Will    .....        (no ring)
Stlth   +++          (no ring)
HPRegen 0.22/turn    (no ring)
MPRegen 0.09/turn    (no ring)
                     (no ring)

%: no passive effects
@: no status effects
A: almost no armour, amphibious, 8 rings, camouflage 1, gelatinous body 1,
(nimble swimmer 1), tentacles
a: no special abilities


You were on level 2 of the Dungeon.
You visited 1 branch of the dungeon, and saw 2 of its levels.

You collected 76 gold pieces.

Inventory:

Hand Weapons
 a - a +2 quarterstaff
 d - a +0 dagger (weapon)
Missiles
 e - 5 javelins
Armour
 b - a +0 hat (worn)
Scrolls
 f - a scroll of enchant armour {unknown}
 g - 3 scrolls of amnesia {unknown}
Potions
 c - a potion of berserk rage
 h - a potion of degeneration {unknown}
 i - a potion of invisibility {unknown}


   Skills:
 * Level 0.3 Fighting
 + Level 5.2 Staves
 * Level 0.2 Dodging
 + Level 2.6 Stealth
 * Level 1.4 Spellcasting
 + Level 2.0 Conjurations
 * Level 0.2 Air Magic
 * Level 0.7 Alchemy


You couldn't memorise any spells.
You knew the following spells:

 Your Spells              Type           Power      Damage    Failure   Level
a - Kiss of Death         Conj/Necr      12%        2d6       19%         1
o - Scorch                Fire           0%         2d5       41%         2

Your spell library contained the following spells:

 Spells                   Type           Power      Damage    Failure   Level
 Sublimation of Blood     Necr           0%         N/A       41%         2
 Mephitic Cloud           Conj/Alch/Air  3%         N/A       50%         3
 Haunt                    Necr/Summ      0%         N/A       100%        7
 Ignition                 Fire           0%         3d3       100%        8


Dungeon Overview and Level Annotations

Branches:
Dungeon (2/15)

Altars:


Innate Abilities, Weirdness & Mutations

You cannot wear most types of armour.
You are amphibious.
You can wear up to eight rings at the same time.
Your skin changes colour to match your surroundings (Stealth+).
Your rubbery body absorbs attacks. (AC +1, EV +1)
((You are camouflaged when in or above water. (Stealth+)))
You have tentacles for arms and can constrict up to eight enemies at once.


Message History

You kill the quokka!
A rat comes into view.
You strike the helpless rat from behind!
You puncture the rat!
You kill the rat!
You see here a rat corpse.
Found a fuming brown potion.
h - a fuming brown potion A ball python comes into view.
As you open the door, it creaks loudly!
You hear an angry hiss.
Found a viscous ruby potion.
There is an open door here.
An adder comes into view.
i - a viscous ruby potion
There are no items here.
You open the door. The adder bites you.
You are poisoned.
The adder poisons you!
You hit the adder but do no damage. Your grab misses the adder.
You feel sick. The adder bites you. The adder closely misses you.
You hit the adder. Your grab misses the adder.
The adder is lightly wounded.
You feel sick. The adder misses you.
Cast which spell? (? or * to list)
Okay, then.
Unknown command.
You hit the adder but do no damage. You grab the adder.
The adder is lightly wounded.
You constrict the adder, but do no damage.
You feel sick. The adder bites you.
* * * LOW HITPOINT WARNING * * *
You hit the adder.
The adder is moderately wounded.
You constrict the adder.
You feel sick. The adder closely misses you.
You hit the adder.
The adder is severely wounded.
You constrict the adder.
You feel sick.
You are no longer poisoned.
The adder bites you.
You die...

#............
##.###.###...
#.# #... .
#.# #####
#.#######
#.......#
###'#####.#
#...S.###.#..
#....@'......
#.....###.###
#.....#
#######


You could see an adder.

Vanquished Creatures
  A dart slug (D:1)
  2 bats (D:1)
  An endoplasm (D:2)
  A giant cockroach (D:1)
  3 goblins
  2 hobgoblins (D:1)
  A quokka (D:2)
  3 ball pythons
  A rat (D:2)
15 creatures vanquished.

Notes
Turn   | Place    | Note
-------+----------+-------------------------------------------
     0 | D:1      | Esekla the Octopode Wanderer began the quest for the Orb.
     0 | D:1      | Esekla set off with the following items: a +2 quarterstaff,
                  | a +0 hat, a potion of berserk rage; and the following spell
                  | memorised: Kiss of Death; and the following spells
                  | available to memorise: Mephitic Cloud.
     0 | D:1      | Reached XP level 1. HP: 11/11 MP: 2/2
   191 | D:1      | Reached XP level 2. HP: 17/17 MP: 4/4
   443 | D:1      | Found a faded altar of an unknown god.
   695 | D:2      | Got the Omnibus of Spectral Cinders
   703 | D:2      | Learned a level 2 spell: Scorch
   783 | D:2      | Slain by an adder

Illustrated notes

Levels and vault maps discovered:
D:1:      dpeg_arrival_renting, layout_rooms, dilly_ecumenical_altar_fadedgnrine
D:2:      layout_basic, serial_bayou_ford_a

Action                     || total
---------------------------++-------
  Melee: Quarterstaff      ||    10
         Constrict         ||     8
         Tentacles         ||     5
         Dagger            ||    22
         Punch             ||     2
   Stab: Sleeping          ||     3
         Distracted        ||     1
 Armour: Skin              ||    14
  Dodge: Dodged            ||     9
